 Dungeon Crawl Stone Soup version 0.24-a0-280-g7cec4da (webtiles) character file.

Game seed: 15191650188162303270

60 robertstho the Charmwright (level 4, 0/29 HPs)
             Began as a Halfling Skald on May 10, 2019.
             Succumbed to an adder's poison
             ... on level 2 of the Dungeon.
             The game lasted 00:03:18 (1628 turns).

robertstho the Charmwright (Halfling Skald)         Turns: 1628, Time: 00:03:19

Health: 0/29       AC:  3    Str: 13    XL:     4   Next: 24%
Magic:  5/6        EV: 14    Int: 11    God:
Gold:   16         SH:  0    Dex: 13    Spells: 5/6 levels left

rFire    . . .     SeeInvis .   a - +0 hand axe
rCold    . . .     Gourm    .   (shield restricted)
rNeg     . . .     Faith    .   b - +0 leather armour
rPois    .         Spirit   .   (no helmet)
rElec    .         Reflect  .   (no cloak)
rCorr    .         Harm     .   (no gloves)
MR       .....                  (no boots)
Stlth    +.........             (no amulet)
HPRegen  0.09/turn              (no ring)
MPRegen  0.10/turn              (no ring)

@: lethally poisoned (0 -> -12), very slightly contaminated, drained
A: small, mutation resistance 1
a: no special abilities


You were on level 2 of the Dungeon.
You were not hungry.

You visited 1 branch of the dungeon, and saw 2 of its levels.

You collected 16 gold pieces.

Inventory:

Hand Weapons
 a - a +0 hand axe (weapon)
Missiles
 c - 21 stones (quivered)
Armour
 b - a +0 leather armour (worn)
Scrolls
 f - a scroll of noise {unknown}
 g - a scroll of identify {unknown}
 i - a scroll of magic mapping {unknown}
Comestibles
 d - 2 rations
 h - a chunk of flesh


   Skills:
 + Level 2.1(1.0) Fighting
 + Level 2.5(1.5) Axes
 + Level 2.5(1.4) Armour
 + Level 2.7(1.6) Dodging
 + Level 1.7(0.7) Spellcasting
 + Level 3.5(2.4) Charms


You had 5 spell levels left.
You knew the following spells:

 Your Spells              Type           Power        Failure   Level  Hunger
a - Infusion              Chrm           #...         16%         1    ##.....

Your spell library contained the following spells:

 Spells                   Type           Power        Failure   Level  Hunger
 Song of Slaying          Chrm           #.......     24%         2    ###....
 Shroud of Golubria       Chrm/Tloc      #.........   36%         2    ###....
 Animate Skeleton         Necr           N/A          38%         1    ##.....
 Apportation              Tloc           #.....       38%         1    ##.....
 Confusing Touch          Hex            #.....       38%         1    ##.....
 Summon Small Mammal      Summ           #...         38%         1    ##.....
 Regeneration             Chrm/Necr      #.........   58%         3    ####...
 Spectral Weapon          Hex/Chrm       #.......     58%         3    ####...


Dungeon Overview and Level Annotations

Branches:
Dungeon (2/15)

Altars:


Innate Abilities, Weirdness & Mutations

You are small and have problems with some larger weapons.
You are somewhat resistant to further mutation.


Message History

Casting: Infusion (safe; 16% risk of failure)
Confirm with . or Enter, or press ? or * to list all spells.
You miscast Infusion.
You are very lightly contaminated with residual magic.
Nothing appears to happen.
The adder bites you but does no damage. The adder bites you.
You are lethally poisoned!
The adder poisons you!
You hit the adder.
The adder is heavily wounded.
* * * LOW HITPOINT WARNING * * *
You feel sick. The adder misses you.
You miss the adder.
The adder is heavily wounded.
* * * LOW HITPOINT WARNING * * *
You feel sick. The adder barely misses you. The adder bites you.
* * * LOW HITPOINT WARNING * * *
You closely miss the adder.
The adder is heavily wounded.
You die...

#......## ...).....#
#######
##.##.##.####.....#
.............รท....#
...................#
.....#.....##......#
##.####..###......#
........###.######
#......@....#
######S###### ..l
#.#. #.#. # #. ##


You could see an adder and a frilled lizard.

Vanquished Creatures
  2 adders (D:2)
  A worm (D:2)
  3 dart slugs (D:1)
  A ball python (D:1)
  3 giant cockroaches
  4 hobgoblins
  2 kobolds (D:1)
  5 bats
  7 frilled lizards
  2 goblins (D:1)
  6 rats
36 creatures vanquished.

Notes
Turn   | Place    | Note
-------+----------+-------------------------------------------
     0 | D:1      | robertstho the Halfling Skald began the quest for the Orb.
     0 | D:1      | Reached XP level 1. HP: 14/14 MP: 3/3
    60 | D:1      | Reached XP level 2. HP: 8/19 MP: 0/4
   811 | D:1      | Reached XP level 3. HP: 24/24 MP: 5/5
  1268 | D:2      | Reached XP level 4. HP: 7/29 MP: 4/6
  1276 | D:2      | HP: 1/29 [poisoned by an adder]
  1627 | D:2      | HP: 1/29 [adder (5)]
  1628 | D:2      | Succumbed to an adder's poison

Levels and vault maps discovered:
D:1:      giann_wishing_wells, layout_loops_cross
D:2:      layout_loops_cross, first_ration

Skill      XL: |  1  2  3 |
---------------+----------+-----
Fighting       | 2 |  2.1
Armour         | 2 |  2.5
Axes           | |  2.5
Dodging        | |  2.7
Spellcasting   | |  1.7
Charms         | |  3.5

Action                   |  1- 3 |  4- 6 || total
-------------------------+-------+-------++-------
Melee: Hand axe          |   114 |    19 ||   133
 Cast: Infusion          |     3 |       ||     3
  Use: Potion            |     6 |       ||     6
 Stab: Sleeping          |     1 |       ||     1
       Invisible         |     1 |     4 ||     5
  Eat: Chunk             |     1 |     2 ||     3
Armor: Leather armour    |    39 |     3 ||    42
Dodge: Dodged            |   123 |    13 ||   136

Table legend:
 A = Non-vault XP
 B = Vault XP
 C = Vault XP percentage of total XP
 D = Non-vault monster count
 E = Vault monster count
 F = Vault count percentage of total count
                 A         B        C        D         E       F
            +---------+---------+-------+---------+---------+-------
      Total |      86 |       0 |   0.0 |      36 |       0 |   0.0
            +---------+---------+-------+---------+---------+-------
        D:1 |      43 |       0 |   0.0 |      24 |       0 |   0.0
        D:2 |      43 |       0 |   0.0 |      12 |       0 |   0.0
            +---------+---------+-------+---------+---------+-------
